 Dungeon Crawl Stone Soup version 0.21.1-1-g345015f (webtiles) character file.

323 nicolaieve the Cleaver (level 6, -3/51 HPs)
             Began as a Minotaur Berserker on July 18, 2018.
             Was a Priest of Trog.
             Slain by an ogre
             ... wielding a +0 giant club
              (28 damage)
             ... on level 4 of the Dungeon.
             The game lasted 00:07:23 (2386 turns).

nicolaieve the Cleaver (Minotaur Berserker)         Turns: 2386, Time: 00:07:23

Health: -3/51      AC:  8    Str: 23    XL:     6   Next: 23%
Magic:  5/5        EV: 10    Int:  4    God:    Trog [***...]
Gold:   227        SH:  0    Dex: 10    Spells: 5/5 levels left

rFire    . . .     SeeInvis .   a - +0 hand axe
rCold    . . .     Gourm    .   (no shield)
rNeg     . . .     Faith    .   s - +0 scale mail
rPois    .         Spirit   .   (helmet restricted)
rElec    .         Reflect  .   (no cloak)
rCorr    .         Harm     .   f - +0 pair of gloves
MR       .....                  y - +0 pair of boots
Stlth    ..........             (no amulet)
HPRegen  0.17/turn              (no ring)
MPRegen  0.09/turn              (no ring)

@: no status effects
A: retaliatory headbutt, horns 2
a: Berserk, Trog's Hand, Burn Spellbooks, Renounce Religion


You were on level 4 of the Dungeon.
You worshipped Trog.
Trog was most pleased with you.
You were not hungry.

You visited 1 branch of the dungeon, and saw 4 of its levels.

You collected 227 gold pieces.

Inventory:

Hand Weapons
 a - a +0 hand axe (weapon)
Armour
 f - a +0 pair of gloves (worn)
 s - a +0 scale mail (worn)
 y - a +0 pair of boots (worn)
Wands
 B - a wand of polymorph (11)
Scrolls
 d - 2 scrolls of fog {unknown}
 e - a scroll of fear {unknown}
 h - 5 scrolls of identify {unknown}
 n - 3 scrolls of teleportation {unknown}
 o - 3 scrolls of blinking {unknown}
 q - a scroll of magic mapping {unknown}
 r - 2 scrolls of amnesia {unknown}
 v - a scroll of enchant weapon {unknown}
 w - 2 scrolls of remove curse {unknown}
 x - 2 scrolls of enchant armour {unknown}
Potions
 b - a potion of berserk rage {unknown}
 i - 6 potions of curing {unknown}
 j - a potion of haste {unknown}
 k - 3 potions of heal wounds {unknown}
 l - 2 potions of lignification {unknown}
 m - a potion of resistance {unknown}
 p - 4 potions of ambrosia {unknown}
 t - 3 potions of might {unknown}
 u - 2 potions of degeneration {unknown}
 z - a potion of invisibility {unknown}
 A - 2 potions of flight {unknown}
Comestibles
 c - 6 rations
 g - a chunk of flesh


   Skills:
 - Level 3.6 Fighting
 + Level 8.5 Axes
 - Level 2.4 Armour
 - Level 2.1 Dodging


You had 5 spell levels left.
You didn't know any spells.

Dungeon Overview and Level Annotations

Branches:
Dungeon (4/15)
 Temple: D:4-7

Altars:
Cheibriados
The Shining One


Innate Abilities, Weirdness & Mutations

You reflexively headbutt those who attack you in melee.
You have a pair of horns on your head.


Message History

You can't see any item there.
Okay, then.
r - 2 scrolls labeled DYUWKUO XIFUONG (gained 1) Unknown command.
You slash the ogre!
The ogre is moderately wounded.
The ogre hits you with a giant club!!
Ouch! That really hurt!
You slash the ogre!
The ogre is severely wounded.
The ogre hits you but does no damage.
Your scale mail prevents you from hitting the ogre.
The ogre is severely wounded.
Unknown command.
Your scale mail prevents you from hitting the ogre.
Your headbutt misses the ogre.
The ogre is severely wounded.
The ogre hits you with a giant club!!
Ouch! That really hurt!
You die...

............# #.#
#.#..#
............# #.#
.#..
#.###.#.#######.#
#.###...........
#......[......(
#####.#.#####.####
###.#####....#
#......!.....#
#.....@O.....#
####...........##
...............#
...............#
...............#
...............#
...............#
...............#
................


You could see an ogre.

Vanquished Creatures
  The ghost of Terandir the Covered, an amateur MiFi (D:3)
  2 orc priests (D:3)
  An orc wizard (D:3)
  A worker ant (D:4)
  Robin (D:2)
  3 adders
  An ooze (D:2)
  5 dart slugs
  2 leopard geckos
  5 orcs (D:3)
  2 giant cockroaches
  15 goblins
  8 hobgoblins
  5 jackals
  6 kobolds
  2 quokkas
  4 bats
  A frilled lizard (D:3)
  6 rats
71 creatures vanquished.

Notes
Turn   | Place    | Note
-------+----------+-------------------------------------------
     0 | D:1      | nicolaieve the Minotaur Berserker began the quest for the Orb.
     0 | D:1      | Reached XP level 1. HP: 19/19 MP: 0/0
    58 | D:1      | Reached skill level 4 in Axes
   107 | D:1      | Reached XP level 2. HP: 18/26 MP: 1/1
   847 | D:2      | Reached skill level 5 in Axes
   870 | D:2      | Reached XP level 3. HP: 23/31 MP: 2/2
   934 | D:2      | Reached ** piety under Trog
   937 | D:2      | Noticed Robin
   943 | D:2      | Killed Robin
   944 | D:2      | Reached skill level 6 in Axes
   944 | D:2      | Reached XP level 4. HP: 28/39 MP: 3/3
  1445 | D:2      | Found a glowing golden altar of the Shining One.
  1536 | D:3      | Noticed Terandir's ghost (amateur MiFi)
  1543 | D:3      | Killed Terandir's ghost
  1543 | D:3      | Reached skill level 7 in Axes
  1543 | D:3      | Reached XP level 5. HP: 45/45 MP: 4/4
  1697 | D:3      | Reached skill level 8 in Axes
  1986 | D:3      | Reached *** piety under Trog
  1986 | D:3      | Reached XP level 6. HP: 49/51 MP: 5/5
  2221 | D:4      | Found a snail-covered altar of Cheibriados.
  2386 | D:4      | Slain by an ogre

Skill      XL: |  1  2  3  4  5 |
---------------+----------------+-----
Axes           | 4 5 6 7 8 |  8.5
Fighting       | |  3.6
Armour         | |  2.4
Dodging        | |  2.1

Action                   |  1- 3 |  4- 6 || total
-------------------------+-------+-------++-------
Melee: Hand axe          |    59 |    92 ||   151
       Headbutt          |     9 |    15 ||    24
Invok: Burn Spellbooks   |       |     1 ||     1
       Berserk           |       |     1 ||     1
  Eat: Chunk             |       |     5 ||     5
Armor: Ring mail         |    22 |       ||    22
       Animal skin       |     1 |       ||     1
       Scale mail        |       |    32 ||    32
Dodge: Dodged            |    33 |    41 ||    74
